 Dungeon Crawl Stone Soup version 0.32-a0-136-gc02482bde3 (webtiles) character file.

Game seed: 14726857524913317085

195787 hikkokomori the Brawler (level 18, -10/163 HPs)
             Began as a Troll Shapeshifter on Feb 10, 2024.
             Was the Champion of Hepliaklqana.
             Succumbed to something's poison gas
             ... on level 3 of the Swamp.
             The game lasted 01:49:21 (27957 turns).

hikkokomori the Brawler (Troll Shapeshifter)       Turns: 27957, Time: 01:49:22

Health: -10/163    AC: 25    Str: 27    XL:     18   Next: 13%
Magic:  22/22      EV: 10    Int: 13    God:    Hepliaklqana [******]
Gold:   3560       SH: 11    Dex: 11    Spells: 13/23 levels left

rFire   . .          .
                       - Unarmed
rCold   + + .        T - +1 kite shield {AC+3}
rNeg    + . .        i - +3 ice dragon scales of Pan-Flutes {rF- rC++ Int+3}
rPois   .            x - melded +2 hat
rElec   +            m - melded +1 cloak {rF+}
rCorr   .            (gloves unavailable)
SInv    .            (boots unavailable)
Will    ++...        P - amulet of Qazlal, Sharing {rElec rN+ Regen+ Dex-4} Stlth
                     R - ring "Qyfrob Esuar" {rF+ Will+ Int+4 Slay+2}
HPRegen 2.07/turn    w - +4 ring of protection
MPRegen 0.18/turn

%: no passive effects
@: lethally poisoned (-10 -> -39), beast-form, studying Dodging
A: beast (slay +4), reduced essence, large, unfitting armour, claws 3,
regeneration 1, shaggy fur 1, tough skin 1
a: Begin Untransformation, Renounce Religion, Recall Ancestor, Ancestor
Identity, Transference, Idealise


You were on level 3 of the Swamp.
You worshipped Hepliaklqana.
Hepliaklqana was exalted by your worship.
You were a hulking beast.
You visited 6 branches of the dungeon, and saw 31 of its levels.
You also visited: Ice Cave and Volcano.

You collected 4433 gold pieces.
You spent 873 gold pieces at shops.

Inventory:

Missiles
 g - 5 datura-tipped darts
 n - 19 poisoned darts
 r - 2 darts of dispersal
 z - 32 boomerangs
 E - 4 large rocks (quivered)
 H - 8 curare-tipped darts
 L - 3 throwing nets
 Y - 4 javelins
Armour
 f - +3 steam dragon scales
 i - the +3 ice dragon scales of Pan-Flutes (worn) {rF- rC++ Int+3}
   (You acquired it on level 6 of the Dungeon)

   Int+3:     It affects your intelligence (+3).
   rF-:       It makes you vulnerable to fire.
   rC++:      It greatly protects you from cold.
 m - a +1 cloak of fire resistance (melded)
 x - a +2 hat (melded)
 K - a +0 kite shield of reflection
 T - a +1 kite shield of protection (worn)
Jewellery
 k - a ring of poison resistance
 w - a +4 ring of protection (right claw)
 P - the amulet of Qazlal, Sharing (around neck) {rElec rN+ Regen+ Dex-4}
   (You acquired it on level 6 of the Dungeon)

   [amulet of regeneration]

   Dex-4:     It affects your dexterity (-4).
   rElec:     It insulates you from electricity.
   rN+:       It protects you from negative energy.
   Regen+:    It increases your rate of health regeneration.
 R - the ring "Qyfrob Esuar" (left claw) {rF+ Will+ Int+4 Slay+2}
   (You found it on level 2 of the Lair of Beasts)

   [ring of willpower]

   Int+4:     It affects your intelligence (+4).
   Slay+2:    It affects your accuracy & damage with ranged weapons and melee
   (+2).
   rF+:       It protects you from fire.
   Will+:     It increases your willpower.
Talismans
 c - a beast talisman (active)
 d - the serpent talisman of Hoalump {rElec rF+}
   (You took it off Aizul on level 1 of the Snake Pit)

   [serpent talisman]

   rF+:       It protects you from fire.
   rElec:     It insulates you from electricity.
Wands
 a - a wand of mindburst (4)
 J - a wand of roots (7)
 N - a wand of polymorph (16)
 O - a wand of flame (48)
 S - a wand of digging (7)
 V - a wand of quicksilver (10)
 W - a wand of paralysis (17)
Scrolls
 j - 2 scrolls of poison
 o - 8 scrolls of teleportation
 q - 2 scrolls of blinking
 v - 6 scrolls of fog
 y - a scroll of silence
 B - 4 scrolls of revelation
 D - 3 scrolls of immolation
 F - a scroll of torment
 G - 3 scrolls of vulnerability
 Q - a scroll of enchant weapon
 X - a scroll of fear
 Z - a scroll of enchant armour
Potions
 b - 5 potions of lignification
 e - 3 potions of haste
 h - a potion of brilliance {unknown}
 l - 2 potions of resistance
 p - 7 potions of curing
 s - a potion of berserk rage
 t - a potion of mutation
 u - 5 potions of might
 A - 4 potions of attraction
 C - 2 potions of cancellation
 I - a potion of heal wounds
 M - a potion of enlightenment
 U - 2 potions of invisibility


   Skills:
 - Level 12.0 Fighting
 - Level 11.0 Throwing
 + Level 9.9 Armour
 - Level 9.0 Dodging
 - Level 2.0 Stealth
 - Level 9.0 Shields
 - Level 16.0 Unarmed Combat
 - Level 3.0 Spellcasting
 + Level 7.2 Necromancy
 - Level 7.0 Invocations
 - Level 6.0 Evocations
 - Level 8.6 Shapeshifting


You had 13 spell levels left.
You knew the following spells:

 Your Spells              Type           Power      Damage    Failure   Level
a - Fugue of the Fallen   Necr           20%        N/A       13%         3
b - Swiftness             Air            1%         N/A       95%         3
c - Vhi's Electric Charg  Tloc/Air       2%         N/A       100%        4

Your spell library contained the following spells:

 Spells                   Type           Power      Damage    Failure   Level
 Sublimation of Blood     Necr           20%        N/A       7%          2
 Vampiric Draining        Necr           20%        2d7       13%         3
 Cigotuvi's Dreadful Rot  Necr/Alch/Air  16%        N/A       43%         2
 Apportation              Tloc           2%         N/A       65%         1
 Foxfire                  Conj/Fire      4%         2x1d4     65%         1
 Slow                     Hex            4%         N/A       65%         1
 Ensorcelled Hibernation  Hex/Ice        2%         N/A       78%         2
 Jinxbite                 Hex            2%         N/A       78%         2
 Call Canine Familiar     Summ           1%         N/A       95%         3
 Confusing Touch          Hex            1%         N/A       95%         3
 Frozen Ramparts          Ice            2%         1d1       95%         3
 Gell's Gravitas          Tloc           1%         N/A       95%         3
 Ozocubu's Armour         Ice            1%         N/A       95%         3
 Passwall                 Erth           1%         N/A       95%         3
 Sigil of Binding         Hex            1%         N/A       95%         3
 Teleport Other           Tloc           1%         N/A       95%         3
 Tukima's Dance           Hex            1%         N/A       95%         3
 Volatile Blastmotes      Fire/Tloc      2%         2d10      95%         3
 Animate Armour           Summ/Erth      2%         N/A       100%        4
 Cause Fear               Hex            0%         N/A       100%        4
 Dimensional Bullseye     Hex/Tloc       0%         N/A       100%        4
 Fulminant Prism          Conj/Alch      0%         3d5       100%        4
 Ignite Poison            Fire/Alch      1%         N/A       100%        4
 Iskenderun's Mystic Bla  Conj/Tloc      1%         2d3       100%        4
 Leda's Liquefaction      Alch/Erth      0%         N/A       100%        4
 Manifold Assault         Tloc           1%         N/A       100%        4
 Petrify                  Alch/Erth      1%         N/A       100%        4
 Summon Lightning Spire   Summ/Air       1%         N/A       100%        4
 Alistair's Intoxication  Alch           0%         N/A       100%        5
 Arcjolt                  Conj/Air       0%         1d10      100%        5
 Fireball                 Conj/Fire      0%         3d3       100%        5
 Freezing Cloud           Conj/Ice/Air   0%         6-21      100%        5
 Irradiate                Conj/Alch      0%         3d11      100%        5
 Lee's Rapid Deconstruct  Erth           0%         3d4*      100%        5
 Metabolic Englaciation   Hex/Ice        0%         N/A       100%        5
 Dispersal                Tloc           0%         N/A       100%        6
 Plasma Beam              Fire/Air       0%         2x1d10    100%        6
 Starburst                Conj/Fire      0%         6d3       100%        6
 Haunt                    Necr/Summ      5%         N/A       100%        7
 Borgnjor's Revivificati  Necr           10%        N/A       100%        8
 Maxwell's Capacitive Co  Air            0%         ∞         100%        8
 Death's Door             Necr           10%        N/A       100%        9
 Dragon's Call            Summ           0%         N/A       100%        9


Dungeon Overview and Level Annotations

Branches:
Dungeon (15/15)            Temple (0/1) D:6            Lair (5/5) D:11
  Swamp (4/4) Lair:2        Snake (3/4) Lair:2        Slime (0/5) Lair:5
    Orc (2/2) D:11            Elf (2/3) Orc:2        Vaults (0/5) D:13
 Depths (0/4) D:15          IceCv (visited)         Volcano (visited)

Altars:
Cheibriados
Dithmenos
Elyvilon
Fedhas
Hepliaklqana
Kikubaaqudgha
Nemelex Xobeh
Okawaru
Qazlal
Ru
Sif Muna
Vehumet
Xom
Yredelemnul
Zin
Jiyva

Shops:
D:5 :   D:6 ?*([   D:9 ?[   Orc:2 !![

Annotations:
D:9 3 runed translucent doors, jamsaran's ghost, novice DgFE
Lair:1 2 transporters, exclusion: oklob plant, Pokonic1's ghost, journeyman HOFi
Snake:2 3 runed translucent doors, 1 exclusion, Vuushr Kima's ghost, adept DsNe
Elf:1 2 transporters, Viaheush's ghost, journeyman GnWn
Elf:2 1 runed translucent door, Agnes; Yzanit's ghost, adept GnWn


Innate Abilities, Weirdness & Mutations

You are a hulking beast.
Your limbs bulge with bestial killing power. (Slay +4)
Your life essence is reduced to manifest your ancestor. (-10% HP)
You are too large for most types of armour.
You have claws for hands.
Your natural rate of healing is unusually fast.
You are covered in fur. (AC +1)
You have tough skin. (AC +1)


Message History

You are more poisoned.
The eight-headed hydra bites you!
* * * LOW HITPOINT WARNING * * *
You block the eight-headed hydra's attack.
The eight-headed hydra bites you but does no damage.
You block the eight-headed hydra's attack.
The eight-headed hydra bites you.
* * * LOW HITPOINT WARNING * * *
The eight-headed hydra barely misses you.
The eight-headed hydra bites you but does no damage.
The eight-headed hydra barely misses you.
You hear a roar!
Unknown command.
Unknown command.
Unknown command.
You are engulfed in poison gas.
You are more poisoned.
* * * LOW HITPOINT WARNING * * *
The grasping roots constrict the tyrant leech.
You feel extremely sick.
You hear a deafening roar! x2
The swamp dragon breathes poison at you.
The blast of poison misses you.
Unknown command.
Blink to where?
Press: ? - help, Dir - move target, p - eight-headed hydra The roots lose their grip on something.
As you read the scroll of blinking, it crumbles to dust.
You are engulfed in poison gas.
You are lethally poisoned!
* * * LOW HITPOINT WARNING * * *
x2 You feel extremely sick.
Unknown command.
You are engulfed in poison gas.
You are more poisoned.
* * * LOW HITPOINT WARNING * * *
x2 You feel extremely sick.
You climb upwards.
You die...
Hepliaklqana delivers you to your ancestors.

..♣♣~~♣♣ ♣♣>~~§~†♣♣♣♣♣♣♣..~♣♣.
~.♣♣~..♣ ♣..~~~~♣♣ ♣♣.~.~.
..♣♣.~.♣♣♣ ♣♣~♣♣~.♣♣ ♣.~.~.
~..♣~~§.~♣♣♣~.~~~.♣ ♣♣♣♣.~~.
~~.♣.♣~.~.♣~~~~~~~♣ ♣♣~♣~..~.
~~...§.....~.~~...♣ ♣♣♣~~...~~.
.>.~♣~~~~♣~~~~~~~.♣ ♣♣♣.♣........
§~.~~§§~~~.~.~~~[.♣♣♣~.~~~~.~♣♣♣§
§§~~~~~~.~.~~~~~h♣♣♣~.~....~~.?♣♣
~~.~~♣♣.~§.~~.~~~♣♣♣.~.♣.........
~~.~♣~♣~~~...♣...♣♣.~~♣♣~........
♣~~.~~~.~~~♣~~~~.♣♣.~♣♣~.......†.
.~.§§♣~.~~♣§~~~<~....♣.~.........
~~~~♣~~...~~.~.~....♣~.~....♣♣...
..~~~~♣~~~~♣.~~~..♣♣.~.....♣♣....
..~~~~~~~..~~~~~♣♣♣♣~~~....♣♣....
.~~~~~~~§~.~~~~.♣♣♣.............=


There were no monsters in sight!

Vanquished Creatures
  Mlioglotl (Snake:2)
  2 thorn hunters (Swamp:4)
  Kirke (D:15)
  Aizul (Snake:1)
  Donald (Snake:1)
  A deep elf sorcerer (Elf:2)
  An orc warlord (Orc:2)
  An eleionoma (Swamp:4)
  A deep elf death mage (Elf:1)
  7 bunyips
  A fire dragon (D:14)
  An ice dragon (D:15)
  13 hydras
  A catoblepas (D:14)
  3 ghost crabs
  3 two-headed ogres
  10 alligators
  6 anacondas
  4 centaur warriors
  A death knight (D:15)
  14 dancing weapons
  5 death yaks (Lair:5)
  A boulder beetle (D:12)
  3 tengu warriors
  4 orc high priests (Orc:2)
  4 naga warriors
  6 shock serpents
  10 naga sharpshooters
  7 deep elf knights
  A salamander mystic (Snake:2)
  5 skeletal warriors
  4 goliath frogs
  4 swamp dragons
  5 mana vipers
  2 arcanists (D:13)
  2 spriggan druids
  5 naga ritualists
  4 bog bodies
  2 lindwurms
  20 deep elf pyromancers
  3 orc knights
  A phantasmal warrior (D:15)
  4 necromancers
  5 deep elf archers
  14 deep elf zephyrmancers
  Pikel (D:7)
  6 ugly things
  4 large abominations (Elf:1)
  2 manticores
  9 salamanders
  A will-o-the-wisp (Swamp:3)
  2 cyclopes
  3 elephants (Lair:5)
  A meliai (shapeshifter) (Elf:1)
  3 kobold blastminers
  A guardian serpent (Snake:3)
  2 gargoyles
  5 naga magi
  19 black mambas
  2 ice statues (IceCv)
  Jeremiah (D:7)
  13 cane toads
  2 freezing wraiths
  2 efreet
  8 komodo dragons
  A rime drake (Lair:5)
  2 kobold demonologists
  3 ice devils (IceCv)
  Psyche (D:9)
  2 anaconda simulacra (IceCv)
  6 polar bears (Lair:5)
  A tyrant leech (Swamp:2)
  2 bloated husks
  6 hornets
  Prince Ribbit (D:7)
  Grinder (D:4)
  6 trolls
  A glass eye (shapeshifter) (D:15)
  6 dream sheep (Lair:5)
  9 blink frogs
  8 slime creatures
  2 air elementals (Elf:2)
  3 dire elephant simulacra (IceCv)
  17 spriggans
  4 water elementals
  44 yaks
  A spriggan (shapeshifter) (Elf:2)
  2 wyverns
  4 hogs (D:15)
  Grum (D:9)
  A golden eye (shapeshifter) (Elf:2)
  A basilisk (D:15)
  9 wargs
  3 fire elementals
  2 death yak simulacra
  25 vampire mosquitoes
  A harpy simulacrum (IceCv)
  8 swamp worms
  4 hydra simulacra (IceCv)
  2 acid dragons
  24 nagas
  14 water moccasins
  Duvessa (D:4)
  3 hell hounds (Volcano)
  27 orc warriors
  4 sky beasts
  5 swamp drakes
  3 black bears
  10 ogres
  15 wolves
  A boggart (Lair:5)
  An ice beast (D:3)
  7 centaurs
  3 lemures
  10 bullfrogs
  3 kobold brigands
  4 gnoll sergeants
  4 necrophages (Lair:3)
  4 elf zombies (Elf:1)
  4 scorpions
  3 earth elementals
  Dowan (D:4)
  11 wights
  An elephant simulacrum (IceCv)
  19 killer bees
  4 howler monkeys
  An electric eel (Lair:2)
  4 bombardier beetles
  A gnoll bouda (D:7)
  3 jellies
  19 orc priests
  11 hounds
  3 iguanas
  A sleepcap (D:5)
  Natasha (twice) (D:4)
  17 orc wizards
  5 hell rats (Lair:5)
  A polar bear simulacrum (IceCv)
  A spriggan simulacrum (IceCv)
  A troll simulacrum (IceCv)
  16 gnolls
  A naga simulacrum (IceCv)
  12 adders
  5 ufetubi
  A ribbon worm (D:4)
  3 dart slugs
  70 orcs
  7 endoplasms
  2 giant cockroaches
  10 goblins
  16 hobgoblins
  7 jackals
  13 kobolds
  2 quokkas (D:1)
  6 ball pythons
  5 bats
  4 frilled lizards (D:2)
  9 rats
917 creatures vanquished.

Vanquished Creatures (collateral kills)
  Asterion (Elf:2)
  2 bunyips (Swamp:1)
  A rakshasa (D:14)
  A hydra (Swamp:2)
  2 alligators
  A centaur warrior (D:15)
  2 anacondas (Snake:3)
  A boulder beetle (Lair:1)
  A catoblepas (Lair:5)
  A naga warrior (Snake:1)
  A skeletal warrior (D:14)
  A salamander mystic (Snake:1)
  A goliath frog (Swamp:4)
  A spriggan druid (Swamp:2)
  A mana viper (Snake:3)
  A naga ritualist (Snake:1)
  A glowing orange brain (shapeshifter) (Elf:1)
  An orc knight (Orc:2)
  2 deep elf archers
  3 deep elf pyromancers
  A cyclops (D:13)
  2 will-o-the-wisps
  2 ugly things (D:14)
  A salamander (Snake:1)
  A manticore (D:11)
  A large abomination (Elf:1)
  6 naga magi
  4 black mambas
  2 cane toads (Lair:1)
  Maggie (D:6)
  A rime drake (Lair:2)
  An ice devil (IceCv)
  4 trolls
  A hornet (Swamp:3)
  2 tyrant leeches
  2 dream sheep (Lair:5)
  2 blink frogs (Lair:5)
  4 spriggans (Lair:5)
  A slime creature (D:14)
  4 fire elementals (Volcano)
  A wyvern (Lair:3)
  A basilisk (Lair:3)
  5 yaks
  A vampire mosquito (D:14)
  4 nagas
  An acid dragon (D:10)
  4 orc warriors
  2 swamp drakes (Swamp:1)
  A black bear (Lair:1)
  2 ogres
  2 boggarts (Lair:5)
  2 centaurs
  2 wolves (Lair:5)
  2 bullfrogs
  A cane toad simulacrum (Lair:1)
  A wight (D:7)
  5 killer bees
  A howler monkey (D:7)
  A bombardier beetle (Lair:5)
  2 jellies (D:6)
  2 hounds (D:9)
  6 orc priests
  2 orc wizards (Orc:2)
  4 gnolls
  An ufetubus (D:7)
  14 orcs
  A hobgoblin (Orc:1)
  3 kobolds
143 creatures vanquished.

Vanquished Creatures (others)
  An ice dragon (D:15)
  A spriggan druid (Swamp:2)
  An orc knight (Orc:2)
  A hornet (Swamp:2)
  A swamp drake (Swamp:4)
  32 hexers
  2 ancestors (D:7)
  8 foxfires
47 creatures vanquished.

Grand Total: 1107 creatures vanquished

Notes
Turn   | Place    | Note
-------+----------+-------------------------------------------
     0 | D:1      | hikkokomori the Troll Shapeshifter began the quest for the
                  | Orb.
     0 | D:1      | Reached XP level 1. HP: 18/18 MP: 0/0
   103 | D:1      | Reached skill level 1 in Fighting
   226 | D:1      | Reached XP level 2. HP: 25/27 MP: 1/1
   463 | D:1      | Reached skill level 4 in Unarmed Combat
   528 | D:1      | Reached XP level 3. HP: 33/33 MP: 2/2
  1145 | D:2      | Reached XP level 4. HP: 41/41 MP: 3/3
  1273 | D:2      | Reached skill level 5 in Unarmed Combat
  1276 | D:2      | You fall into a shaft and drop 1 floor!
  1751 | D:3      | Found an ancient bone altar of Kikubaaqudgha.
  1755 | D:3      | Found a sacrificial altar of Ru.
  1755 | D:3      | Found a glowing silver altar of Zin.
  1851 | D:3      | Reached XP level 5. HP: 38/48 MP: 2/4
  2001 | D:3      | Noticed an ice beast
  2017 | D:3      | Killed an ice beast
  2018 | D:3      | Reached skill level 6 in Unarmed Combat
  2018 | D:3      | Reached XP level 6. HP: 29/55 MP: 3/5
  2291 | D:4      | Noticed Grinder
  2300 | D:4      | Killed Grinder
  2330 | D:4      | Noticed Duvessa
  2331 | D:4      | Noticed Dowan
  2348 | D:4      | Killed Duvessa
  2349 | D:4      | Reached XP level 7. HP: 66/66 MP: 4/6
  2358 | D:4      | Killed Dowan
  2582 | D:4      | Found an iron altar of Okawaru.
  2655 | D:4      | Noticed Natasha
  2657 | D:4      | Killed Natasha
  2748 | D:4      | Noticed Natasha
  2759 | D:4      | Killed Natasha
  2760 | D:4      | Reached skill level 1 in Stealth
  2796 | D:4      | Found a hazy altar of Hepliaklqana.
  2801 | D:4      | Became a worshipper of Hepliaklqana the Forgotten
  3044 | D:5      | Entered Level 5 of the Dungeon
  3144 | D:5      | Identified the +7 chain mail "Kotixothof" {-Tele Fly rElec
                  | Int-2}
  3204 | D:5      | Found Juakh's Book Shop.
  3212 | D:5      | Reached XP level 8. HP: 75/75 MP: 7/7
  3266 | D:5      | Found a shimmering altar of Xom.
  3441 | D:5      | Found a radiant altar of Vehumet.
  3543 | D:5      | Found a basalt altar of Yredelemnul.
  3543 | D:5      | Found a stormy altar of Qazlal.
  3787 | D:5      | Reached skill level 5 in Shapeshifting
  3875 | D:6      | Found Gomishy's General Store.
  3875 | D:6      | Reached * piety under Hepliaklqana
  3932 | D:6      | Found Umicaog's Magic Scroll Shoppe.
  3942 | D:6      | Reached skill level 7 in Unarmed Combat
  4065 | D:6      | Found Takanag's Weapon Emporium.
  4116 | D:6      | Noticed Maggie
  4128 | D:6      | Killed Maggie
  4129 | D:6      | Reached skill level 8 in Unarmed Combat
  4173 | D:6      | Found Dughytipu's Antique Armour Emporium.
  4342 | D:6      | Bought a scroll of teleportation for 45 gold pieces
  4374 | D:6      | Bought 4 curare-tipped darts for 48 gold pieces
  4511 | D:6      | Reached XP level 9. HP: 65/74 MP: 7/9
  4615 | D:6      | Found a staircase to the Ecumenical Temple.
  4697 | D:7      | Noticed Jeremiah
  4821 | D:7      | Noticed Pikel
  4883 | D:7      | Killed Pikel
  4884 | D:7      | Reached skill level 5 in Throwing
  5203 | D:7      | Noticed Prince Ribbit
  5215 | D:7      | Killed Prince Ribbit
  5332 | D:7      | Reached skill level 5 in Fighting
  5375 | D:7      | Killed Jeremiah
  5376 | D:7      | Reached skill level 9 in Unarmed Combat
  5376 | D:7      | Reached XP level 10. HP: 24/79 MP: 4/10
  5763 | D:8      | Reached ** piety under Hepliaklqana
  5764 | D:8      | Remembered your ancestor Nolwazi as a hexer
  6010 | D:8      | Found a shadowy altar of Dithmenos.
  6504 | D:9      | Noticed a two-headed ogre
  6515 | D:9      | Killed a two-headed ogre
  6516 | D:9      | Reached skill level 10 in Unarmed Combat
  6516 | D:9      | Reached skill level 1 in Armour
  6516 | D:9      | Reached skill level 1 in Evocations
  6830 | D:9      | Noticed a two-headed ogre
  6837 | D:9      | Killed a two-headed ogre
  6993 | D:9      | Reached XP level 11. HP: 94/94 MP: 11/11
  6999 | D:9      | Noticed Grum
  7007 | D:9      | Killed Grum
  7040 | D:9      | Found a white marble altar of Elyvilon.
  7166 | D:9      | Noticed Psyche
  7185 | D:9      | Killed Psyche
  7186 | D:9      | Reached skill level 5 in Dodging
  7310 | D:9      | Found Umueqoeff's Armour Shop.
  7369 | D:9      | Found a runed translucent gate.
  7370 | D:9      | Found a runed translucent gate.
  7372 | D:9      | Found a runed translucent gate.
  7373 | D:9      | Noticed jamsaran's ghost (novice DgFE)
  7378 | D:9      | Noticed a cyan ugly thing
  7546 | D:9      | Found Reituem's Magic Scroll Emporium.
  7667 | D:9      | Found a sparkling altar of Nemelex Xobeh.
  7880 | D:10     | Entered Level 10 of the Dungeon
  8157 | D:10     | Found a snail-covered altar of Cheibriados.
  8176 | D:10     | Reached *** piety under Hepliaklqana
  8855 | D:11     | Found a staircase to the Lair.
  9074 | D:11     | Reached skill level 11 in Unarmed Combat
  9501 | D:11     | Found a staircase to the Orcish Mines.
  9602 | Orc:1    | Entered Level 1 of the Orcish Mines
  9714 | D:6      | Bought a scroll of acquirement for 780 gold pieces
  9714 | D:6      | Acquired the amulet of Qazlal, Sharing {rElec rN+ Regen+
                  | Dex-4}
  9807 | Lair:1   | Entered Level 1 of the Lair of Beasts
  9822 | Lair:1   | Reached XP level 12. HP: 107/107 MP: 12/12
  9846 | Lair:1   | Found a frozen archway.
  9862 | IceCv    | Entered an ice cave
  9865 | IceCv    | Acquired the +3 ice dragon scales of Pan-Flutes {rF- rC++
                  | Int+3}
  9983 | IceCv    | Reached **** piety under Hepliaklqana
 10030 | IceCv    | Reached skill level 12 in Unarmed Combat
 10317 | Lair:1   | Reached skill level 5 in Armour
 10320 | Lair:1   | Noticed a boulder beetle
 10329 | Lair:1   | Killed a boulder beetle
 10355 | Lair:1   | Reached skill level 13 in Unarmed Combat
 10376 | Lair:1   | Found a dark tunnel.
 10416 | Volcano  | Entered a volcano
 10492 | Volcano  | Reached XP level 13. HP: 80/114 MP: 13/13
 10547 | Volcano  | Identified the +0 pair of boots of the Fisher {Regen+}
 10708 | Lair:1   | Found a transporter.
 10709 | Lair:1   | Found a transporter.
 10711 | Lair:1   | Noticed Pokonic1's ghost (journeyman HOFi)
 11170 | Lair:2   | Learned a level 3 spell: Fugue of the Fallen
 11305 | Lair:2   | Identified the ring "Qyfrob Esuar" {rF+ Will+ Int+4 Slay+2}
 11361 | Lair:2   | Found an iron altar of Okawaru.
 11452 | Lair:2   | Found a staircase to the Swamp.
 11494 | Lair:2   | Reached ***** piety under Hepliaklqana
 11819 | Lair:2   | Found a staircase to the Snake Pit.
 12921 | Lair:4   | Found a blossoming altar of Fedhas.
 13438 | Lair:5   | Entered Level 5 of the Lair of Beasts
 13544 | Lair:5   | Found a viscous altar of Jiyva.
 13581 | Lair:5   | Found a staircase to the Slime Pits.
 13837 | Lair:5   | Reached skill level 14 in Unarmed Combat
 13868 | Lair:5   | Reached XP level 14. HP: 98/126 MP: 14/14
 14011 | Lair:5   | Reached skill level 10 in Throwing
 14820 | D:12     | Reached skill level 1 in Necromancy
 16209 | Orc:2    | Entered Level 2 of the Orcish Mines
 16290 | Orc:2    | Reached ****** piety under Hepliaklqana
 16480 | Orc:2    | Noticed an orc warlord
 16496 | Orc:2    | Killed an orc warlord
 16497 | Orc:2    | Reached skill level 15 in Unarmed Combat
 16650 | Orc:2    | Found Doroutsatu's Antique Armour Boutique.
 16783 | Orc:2    | Found Cicwipodd's Distillery.
 16961 | Orc:2    | Found a staircase to the Elven Halls.
 17055 | Orc:2    | Reached XP level 15. HP: 96/131 MP: 17/17
 17090 | Orc:2    | Found Ukitupp's Distillery.
 17286 | Orc:2    | Acquired 1150 gold pieces
 17288 | Orc:2    | Acquired a manual of Dodging
 17498 | D:13     | Found a gate to the Vaults.
 17554 | D:13     | Found an ancient bone altar of Kikubaaqudgha.
 18207 | D:14     | Found a shadowy altar of Dithmenos.
 18436 | D:14     | Reached skill level 5 in Invocations
 18633 | D:14     | Reached skill level 5 in Evocations
 19075 | D:15     | Entered Level 15 of the Dungeon
 19456 | D:15     | Reached skill level 1 in Shields
 19541 | D:15     | Found a shimmering blue altar of Sif Muna.
 19671 | D:15     | Noticed Kirke
 19692 | D:15     | Killed Kirke
 19695 | D:15     | Reached skill level 5 in Necromancy
 19938 | D:15     | Found a staircase to the Depths.
 20161 | Elf:1    | Entered Level 1 of the Elven Halls
 20311 | Elf:1    | Noticed Viaheush's ghost (journeyman GnWn)
 20535 | Elf:1    | Reached XP level 16. HP: 95/140 MP: 18/18
 20673 | Elf:1    | Found a transporter.
 20703 | Elf:1    | Found a transporter.
 20772 | Elf:1    | Reached skill level 16 in Unarmed Combat
 20800 | Elf:1    | Reached skill level 5 in Shields
 21192 | Elf:2    | Paralysed by an air elemental for 1 turns
 21232 | Elf:2    | Found a runed translucent door.
 21232 | Elf:2    | Found a shimmering altar of Xom.
 21232 | Elf:2    | Noticed Yzanit's ghost (adept GnWn)
 21321 | Elf:2    | Learned a level 3 spell: Swiftness
 21326 | Elf:2    | Learned a level 4 spell: Vhi's Electric Charge
 21699 | Elf:2    | Noticed Asterion
 21716 | Elf:2    | Killed Asterion
 21858 | Elf:2    | Paralysed by an air elemental for 1 turns
 21875 | Elf:2    | Found a radiant altar of Vehumet.
 21908 | Elf:2    | Reached skill level 10 in Fighting
 22024 | Elf:2    | Identified the +0 scimitar of Gluttony {chaos, Str+6 Int+2}
 22109 | Elf:2    | Found a runed translucent gate.
 22110 | Elf:2    | Found a runed translucent gate.
 22110 | Elf:2    | Found a runed translucent gate.
 22152 | Elf:2    | Noticed Agnes
 22363 | Swamp:1  | Entered Level 1 of the Swamp
 22583 | Swamp:1  | You fall into a shaft and drop 1 floor!
 22688 | Swamp:2  | HP: 7/144 [eight-headed hydra (6)]
 23959 | Snake:1  | Entered Level 1 of the Snake Pit
 24036 | Snake:1  | Noticed Donald
 24044 | Snake:1  | Killed Donald
 24102 | Snake:1  | Identified the serpent talisman of Hoalump {rElec rF+}
 24102 | Snake:1  | Noticed Aizul
 24115 | Snake:1  | Killed Aizul
 24253 | Snake:1  | Reached XP level 17. HP: 143/154 MP: 19/19
 24321 | Snake:1  | You fall into a shaft and drop 1 floor!
 24399 | Snake:2  | Reached skill level 1 in Spellcasting
 24524 | Snake:2  | HP: 7/154 [poisoned by a naga ritualist (toxic radiance)]
 24806 | Snake:2  | Noticed Mlioglotl
 24815 | Snake:2  | Killed Mlioglotl
 24844 | Snake:2  | Found a runed translucent gate.
 24851 | Snake:2  | Found a runed translucent gate.
 24852 | Snake:2  | Found a runed translucent gate.
 24853 | Snake:2  | Noticed Vuushr Kima's ghost (adept DsNe)
 26916 | Snake:3  | HP: 7/154 [poisoned by a naga ritualist (toxic radiance)]
 26916 | Snake:3  | HP: 3/154 [naga ritualist/Olgreb's Toxic Radiance (4)]
 27800 | Swamp:4  | Entered Level 4 of the Swamp
 27817 | Swamp:4  | Reached XP level 18. HP: 94/163 MP: 22/22
 27956 | Swamp:4  | HP: 2/163 [poisoned by something (poison gas)]
 27957 | Swamp:3  | Succumbed to something's poison gas

Illustrated notes

Levels and vault maps discovered:
D:1:      dpeg_arrival_tiny_h, layout_basic, st_stairs_5,
          minmay_misc_feat_nine_boxes
D:2:      cheibrodos_helix_gallery, layout_basic, minmay_pentomino_w2
D:3:      layout_loops_cross, grunt_temple_overflow_open
D:4:      layout_basic, okawaru_trees_1, worldfamousw_hep_ancestral_shrine,
          uniq_duvessa, uniq_grinder, uniq_natasha
D:5:      layout_basic, general_overflow_altar,
          mainiacjoe_overflow_tiny_flanked, nicolae_overflow_two_pavilions,
          serial_shops, shop
D:6:      layout_cave_pools, minmay_temple_entry_enclosed_plants, serial_shops,
          shop, nicolae_shop_temple_entry_statues_fountains,
          nicolae_shop_waterfront, nicolae_shop_advertising_works
          [nicolae_subvault_shop_adworks], nicolae_twisty_statue_hallways,
          uniq_maggie
D:7:      layout_cave_pools, uniq_jeremiah, uniq_pikel, uniq_prince_ribbit1
D:8:      layout_basic, minmay_ruined_shrine
D:9:      layout_cave_pools, elyvilon_altar_5, lemuel_tele_altar,
          gammafunk_ghost_split, serial_shops, nicolae_shop_stone,
          serial_gnoll_camp, gnoll_camp_mini_sergeant, grums_kennel,
          gnoll_camp_mini_doghouse, gnoll_camp_mini_shop, gnoll_camp_mini_house,
          uniq_psyche
D:10:     layout_basic, kennysheep_slug_shrine
D:11:     layout_loops_ring, due_lair_maze_entry_diamond,
          kennysheep_generic_room_14
D:12:     layout_loops_ring
D:13:     layout_irregular_city, erik_vaults_1, kiku_gazebo_garden_becter
D:14:     layout_gridville, nicolae_dithmenos_shadow_blocks,
          nicolae_figureground_pulse
D:15:     grunt_enter_depths_hoard, layout_irregular_city,
          nicolae_twisting_strands, nicolae_sif_muna_little_library, uniq_kirke
Lair:1:   layout_misc_corridors, nicolae_volcano_entry_vermiform,
          nzn_ghost_randoct, portal_ice_cave_entry_ice_simulacra,
          beast_lair_carwin_5
Lair:2:   cheibrodos_lair_river_kwai, layout_regular_city, swamp_mist_pool,
          nicolae_snake_entry_squirm, basic_altar, chequers_serial_rivers_room_a
Lair:3:   layout_hall_layers, roderic_carrion_pond
Lair:4:   layout_cave_pods, basic_altar, lemuel_fruit_tree
Lair:5:   minmay_lair_end_enchanted_forest, layout_hall_layers,
          minmay_slime_entry_pillars
Swamp:1:  layout_basic_swamp, evilmike_swamp_ruin_house_1, swamp_pool_5,
          nicolae_swamp_long_stream
Swamp:2:  layout_basic_swamp, evilmike_swamp_ruin_house_6, swamp_pool_4
Swamp:3:  layout_falls_marsh, nicolae_swamp_round_clearing
Swamp:4:  swamp_fiery, layout_basic_swamp
Snake:1:  layout_grid_maze, nicolae_snake_gridmaze_big_u, uniq_donald,
          uniq_aizul
Snake:2:  layout_gridlike, gammafunk_ghost_necromancy, uniq_mlioglotl
Snake:3:  layout_misc_corridors
Orc:1:    cheibrodos_orc_bank, layout_caves
Orc:2:    st_orc_town, layout_caves
Elf:1:    layout_geoelf_diagonals, gammafunk_ghost_berserking_beasts,
          minmay_elf_necromancy
Elf:2:    nicolae_elf_blades_crystal_corner, layout_loops_corners,
          ebering_ghost_xom, basic_altar, columned_hall_lemuel,
          dk_noncrumbling_3, uniq_asterion, uniq_agnes, uniq_louise

Skill      XL: |  1  2  3  4  5  6  7  8  9 10 11 12 13 14 15 16 17 18 |
---------------+-------------------------------------------------------+-----
Fighting       | 1 2 3 5 6 7 8 9 11 12 | 12.0
Unarmed Combat | 4 5 6 8 9 10 11 13 14 15 16 | 16.0
Shapeshifting  | 4 5 7 8 |  8.6
Throwing       | 2 3 6 7 8 9 11 | 11.0
Stealth        | 1 2 |  2.0
Dodging        | 2 4 5 6 9 |  9.0
Invocations    | 2 4 5 7 |  7.0
Armour         | 2 7 8 9 |  9.9
Evocations     | 2 3 4 6 |  6.0
Necromancy     | 3 5 6 7 |  7.2
Shields        | 3 9 |  9.0
Spellcasting   | 3 |  3.0

Action                     |  1- 3 |  4- 6 |  7- 9 | 10-12 | 13-15 | 16-18 || total
---------------------------+-------+-------+-------+-------+-------+-------++-------
  Melee: Unarmed           |    95 |   101 |   231 |   507 |  1054 |   797 ||  2785
         Punch             |       |     4 |    19 |    40 |    92 |       ||   155
  Throw: Boomerang         |       |       |     7 |     2 |    41 |    54 ||   104
         Dart              |       |       |    11 |    49 |     6 |       ||    66
         Large rock        |       |       |     5 |     6 |    21 |    27 ||    59
         Javelin           |       |       |       |       |       |     4 ||     4
 Invoke: Recall Ancestor   |       |       |     2 |     1 |       |     3 ||     6
         Ancestor Life: He |       |       |       |     1 |       |       ||     1
         Transference      |       |       |       |       |     4 |     2 ||     6
Ability: Begin Untransform |       |       |     1 |       |       |     1 ||     2
  Evoke: Wand              |       |       |     1 |     4 |     6 |    13 ||    24
    Use: Potion            |       |     1 |       |     3 |     1 |    15 ||    20
         Scroll            |       |       |     5 |    22 |     8 |     7 ||    42
   Stab: Sleeping          |     1 |     2 |     2 |     1 |       |       ||     6
         Distracted        |       |     1 |       |     6 |    14 |     6 ||    27
         Confused          |       |       |       |     5 |    11 |    11 ||    27
         Paralysed         |       |       |       |       |    15 |    35 ||    50
 Armour: Animal skin       |    59 |    52 |    81 |       |       |       ||   192
         Skin              |       |    21 |    10 |       |       |       ||    31
         Steam dragon scal |       |       |    40 |   224 |    11 |       ||   275
         Robe              |       |       |    49 |    72 |       |       ||   121
         Ice dragon scales |       |       |       |    68 |  1028 |   841 ||  1937
  Dodge: Dodged            |    50 |    39 |   111 |   213 |   366 |   277 ||  1056
  Block: Kite shield       |       |       |       |       |    89 |   449 ||   538
         Reflection        |       |       |       |       |       |    25 ||    25
   Form: Beast             |     1 |     1 |       |     1 |       |     3 ||     6
                           |     1 |       |       |       |       |     1 ||     2
         Serpent           |       |       |       |       |       |     1 ||     1
         Flux              |       |       |       |       |       |     1 ||     1

Table legend: (Time is in decaauts)
 A = Elapsed time spent in this place.
 B = Non-inter-level travel time spent in this place.
 C = Inter-level travel time spent in this place.
 D = Time resting spent in this place.
 E = Time spent auto-exploring this place.
 F = Levels seen in this place.
 G = Mean time per level.
                   A        B        C        D        E       F      G
               +--------+--------+--------+--------+--------+-----+--------+
         Total |  27413 |  25569 |   1844 |   1470 |  17015 |  33 |  830.7 |
       Dungeon |  13207 |  12336 |    871 |    396 |   9109 |  15 |  880.5 |
          Lair |   4419 |   4031 |    388 |    156 |   2840 |   5 |  883.8 |
         Swamp |   2188 |   2061 |    127 |    164 |   1340 |   4 |  547.0 |
     Snake Pit |   3224 |   3047 |    177 |    651 |   1619 |   3 | 1074.7 |
  Orcish Mines |   1810 |   1579 |    231 |     40 |   1000 |   2 |  905.0 |
   Elven Halls |   1977 |   1928 |     49 |     57 |   1105 |   2 |  988.5 |
      Ice Cave |    393 |    393 |      0 |      5 |      0 |   1 |  393.0 |
       Volcano |    192 |    192 |      0 |      0 |      0 |   1 |  192.0 |
               +--------+--------+--------+--------+--------+-----+--------+

Top non-repeatable levels by time:
 Snake:2: 1806 daAuts
     D:9: 1256 daAuts
 Snake:1: 1139 daAuts
  Lair:5: 1133 daAuts
   Orc:2: 1131 daAuts
     D:6: 1109 daAuts
  Lair:2: 1027 daAuts
   Elf:1: 1018 daAuts
  Lair:4: 960 daAuts
   Elf:2: 959 daAuts
    D:14: 953 daAuts
    D:10: 942 daAuts
    D:11: 939 daAuts
    D:15: 912 daAuts
     D:8: 901 daAuts
